 Dungeon Crawl Stone Soup version 0.17-a0-1301-ga863c44 (webtiles) character file.

69111 Zwobot the Grappler (level 14, -1/137 HPs)
             Began as a Troll Wanderer on June 7, 2015.
             Was the Champion of Cheibriados.
             Killed by divine providence
             ... invoked by a smoke demon
             ... summoned by an orc high priest
              (16 damage)
             ... on level 4 of the Orcish Mines.
             The game lasted 01:51:20 (22963 turns).

Zwobot the Grappler (Troll Wanderer)               Turns: 22963, Time: 01:51:20

Health: -1/137     AC: 10    Str: 35    XL:     14   Next: 89%
Magic:  11/19      EV: 21    Int: 22    God:    Cheibriados [******]
Gold:   1873       SH: 14    Dex: 26    Spells: 0 memorised, 13 levels left

rFire  + + .     SeeInvis +       - Unarmed
rCold  . . .     Clarity  +     f - +1 robe {rF+}
rNeg   . . .     SustAt   .     p - +0 shield {rPois}
rPois  +         Gourm    +     N - +1 hat of Gehenna {+Blink rF+ Dex-4}
rElec  .         Spirit   .     T - +2 cloak of the Thief {+Fog Slay-2 SInv Stlth+}
rCorr  .         Warding  .     (gloves unavailable)
rMut   .         Stasis   .     (boots unavailable)
MR     +....                    n - amulet of clarity
Stlth  ++++......               M - ring of poison resistance
                                V - ring of stealth

@: drained, very slow, somewhat resistant to hostile enchantments, stealthy
A: unfitting armour, claws 3, horns 1, clarity, fast metabolism 3, gourmand,
regeneration 2, shaggy fur 1, tough skin 2, weak 1, no device heal 1
a: Bend Time, Temporal Distortion, Slouch, Step From Time, Renounce Religion,
Evoke Blink, Evoke Fog


You were on level 4 of the Orcish Mines.
You worshipped Cheibriados.
Cheibriados was exalted by your worship.
You were very full.

You visited 5 branches of the dungeon, and saw 24 of its levels.
You also visited: Labyrinth, Ossuary and Volcano.

You collected 2157 gold pieces.
You spent 284 gold pieces at shops.

Inventory:

Missiles
 c - 12 javelins
 S - a throwing net
 U - a large rock (quivered)
Armour
 b - a +1 robe
 f - a +1 robe of fire resistance (worn)
 p - a +0 shield of poison resistance (worn)
 N - the +1 hat of Gehenna (worn) {+Blink rF+ Dex-4}
   (You found it on level 7 of the Lair of Beasts)

   It affects your dexterity (-4).
   It protects you from fire.
   It lets you blink.
 T - the +2 cloak of the Thief (worn) {+Fog Slay-2 SInv Stlth+}
   (You found it on level 5 of the Lair of Beasts)

   It affects your accuracy and damage with ranged weapons and melee attacks
   (-2).
   It lets you see invisible.
   It can be evoked to emit clouds of fog.
   It makes you more stealthy.
Rods
 l - a +4 rod of inaccuracy (9/9)
   (You found it in a labyrinth)
Jewellery
 n - an amulet of clarity (around neck)
 u - an uncursed amulet of stasis
 y - an uncursed ring of teleport control
 z - an uncursed ring of sustain attributes
 M - a ring of poison resistance (right claw)
 V - a ring of stealth (left claw)
 Z - the ring of Onuzy {Fire rElec rN+ MP-9 Int-5}
   (You found it in a labyrinth)

   [ring of fire]

   It enhances your fire magic, and weakens your ice magic.
   It affects your intelligence (-5).
   It protects you from fire.
   It makes you vulnerable to cold.
   It insulates you from electricity.
   It protects you from negative energy.
   It affects your magic capacity (-9).
Magical devices
 m - a wand of paralysis (7)
 q - a wand of fire (3)
 v - a wand of digging (12)
 J - a wand of invisibility (2)
 Q - a wand of lightning (6)
 Y - a wand of invisibility (4)
Scrolls
 d - 14 scrolls of remove curse
 o - a scroll of noise
 r - a scroll of fear
 s - 7 scrolls of teleportation
 t - 5 scrolls of identify
 A - 4 scrolls of fog
 D - 3 scrolls of blinking
 I - 4 scrolls of recharging
 K - 3 scrolls of immolation
 R - 2 scrolls of enchant armour
Potions
 g - a potion of agility
 h - 4 potions of brilliance
 i - 9 potions of curing
 x - 2 potions of lignification
 B - a potion of might
 E - 3 potions of flight
 F - 2 potions of ambrosia
 G - a potion of cure mutation
 H - 3 potions of resistance
 W - a potion of cancellation
 X - a potion of magic
Comestibles
 a - 12 royal jellies
 e - 17 bread rations {@e1}
 j - a chunk of flesh {@w0}
 k - 6 meat rations {@e2}
 O - 9 fruits
 P - 13 slices of pizza


   Skills:
 + Level 8.9(8.7) Fighting
 - Level 1.0(0.8) Maces & Flails
   Level 1.2(1.0) Bows
 - Level 5.3(5.1) Throwing
 + Level 11.0(10.8) Dodging
 - Level 9.1(8.9) Shields
 + Level 14.2(14.0) Unarmed Combat
 - Level 9.0(8.8) Invocations
 - Level 1.0(0.8) Evocations


You had 13 spell levels left.
You didn't know any spells.

Dungeon Overview and Level Annotations

Branches:
Dungeon (10/15)            Temple (1/1) D:6            Lair (8/8) D:9
 Shoals (0/4) Lair:4       Spider (1/4) Lair:3        Slime (0/6) Lair:8
    Orc (4/4) D:9
    Elf: Orc:3-4

Altars:
Cheibriados
Dithmenos
Fedhas
Gozag
Makhleb
Nemelex Xobeh
Okawaru
Qazlal
Trog
Vehumet
Xom
Zin
Beogh
Jiyva

Shops:
D:10 (   Orc:1 %   Orc:2 ((   Orc:3 ?

Annotations:
D:3 1 exclusion
D:10 exclusion: door


Innate Abilities, Weirdness & Mutations

You are too large for most types of armour.
You have claws for hands.
Your metabolism is lightning-fast.
You like to eat raw meat.
You heal very quickly.
You are covered in fur (AC +1).
You have very tough skin (AC +2).
You have a pair of small horns on your head.
You possess an exceptional clarity of mind.
You are weak. (Str -2)
Potions and wands are less effective at restoring your health.


Message History

The hellwing barely misses you. The sun demon barely misses you.
Aim: an orc high priest, wielding a halberd (moderately wounded)
You throw a large rock.
The large rock closely misses the sun demon.
The large rock closely misses the orc high priest.
You block the hellwing's attack.
The hellwing hits you but does no damage.
You block the orc high priest's attack. You block the smoke demon's attack.
The smoke demon hits you but does no damage.
The smoke demon barely misses you.
Aim: an orc high priest, wielding a halberd (moderately wounded)
You throw a large rock. The large rock hits the sun demon!!
You kill the sun demon!
You block the hellwing's attack. The hellwing misses you.
The orc high priest mumbles some strange prayers to Beogh against you.
Pain shoots through your body!
* * * LOW HITPOINT WARNING * * *
The smoke demon gestures at you. Something smites you!
You die...

#o...$......... #..............
#.............. #..............
#)............. ##............#.
##o........#....#
##############(...............
.............@4...............
#.(..#).#..)3...............
#...().....................
##..#)..................#.. ####
#...#...................... ##.##
##..#......)...............
....###..........))..............
...#............)................
.##.....#.....#..................


You could see an orc high priest, a hellwing and a smoke demon.

Vanquished Creatures
  Rupert (Lair:5)
  A minotaur (Lab)
  Snorg (Lair:6)
  9 hydras
  Erolcha (Volcano)
  6 death yaks
  Urug (Lair:4)
  A hill giant (Volcano)
  An orc knight (Orc:2)
  2 wolf spiders (Lair:8)
  A deep elf conjurer (D:10)
  An orc sorcerer (Orc:3)
  An oklob plant (Lair:5)
  A griffon (Lair:8)
  A siren (Lair:4)
  8 black mambas
  An elephant (D:9)
  A guardian serpent (Lair:8)
  21 spiny frogs
  5 torpor snails
  A demonic crawler (Lair:3)
  2 fire drakes
  5 trolls
  A jumping spider (Lair:3)
  8 komodo dragons
  A freezing wraith (D:10)
  A two-headed ogre (Volcano)
  9 polar bears
  18 blink frogs
  3 redbacks
  A spriggan (D:9)
  A shadow (Lab)
  3 raiju (Lair:8)
  40 yaks
  A basilisk (Lair:8)
  A hog (Lair:6)
  A deep elf mage (D:10)
  6 wyverns
  4 hungry ghosts
  11 hippogriffs
  9 wargs
  13 wolves (Lair:8)
  27 water moccasins
  2 hell hounds (Lair:8)
  An ice beast (D:9)
  11 porcupines
  2 phantoms
  11 orc warriors
  A sky beast (D:6)
  13 black bears
  3 spiders (Lair:8)
  A wasp (Lair:8)
  4 centaurs
  14 ogres
  18 crocodiles
  2 big kobolds (D:8)
  12 giant frogs
  4 scorpions
  A wyvern skeleton (D:10)
  5 wights (D:8)
  18 killer bees
  2 electric eels (Lair:6)
  A crimson imp (D:8)
  37 orc wizards
  4 centaur zombies (Ossuary)
  2 jellies
  26 orc priests
  15 hounds
  13 iguanas
  4 giant frog skeletons
  10 hell rats
  Jessica (D:2)
  A centaur skeleton (D:5)
  Terence (D:3)
  9 worker ants
  17 sheep
  A killer bee zombie (D:9)
  A hound zombie (D:7)
  5 mummies
  26 gnolls
  78 river rats
  20 adders
  2 shadow imps
  2 adder skeletons
  2 worms
  2 giant geckos
  168 orcs
  12 bats
  A bat skeleton (D:8)
  21 hobgoblins
  20 jackals
  22 kobolds
  3 quokkas
  A ball python zombie (D:5)
  5 giant cockroaches
  3 giant newts
  18 goblins
  A hobgoblin zombie (Ossuary)
  A kobold zombie (Ossuary)
  2 orc zombies (Ossuary)
  22 rats
  4 fungi
  2 plants
943 creatures vanquished.

Vanquished Creatures (others)
  An ogre (Volcano)
  25 fungi
  20 plants (Lair:8)
46 creatures vanquished.

Grand Total: 989 creatures vanquished

Notes
Turn   | Place    | Note
--------------------------------------------------------------
     0 | D:1      | Zwobot the Troll Wanderer began the quest for the Orb.
     0 | D:1      | Zwobot set off with: a +0 shield, a +0 robe, a wand of random effects (15), a +0 club, 2 bread rations {@e1}
     0 | D:1      | Reached XP level 1. HP: 22/22 MP: 0/0
    40 | D:1      | Reached skill level 1 in Unarmed Combat
    98 | D:1      | Reached XP level 2. HP: 23/29 MP: 1/1
   616 | D:1      | Reached XP level 3. HP: 36/36 MP: 2/2
   773 | D:2      | Reached skill level 3 in Unarmed Combat
   950 | D:2      | Noticed Jessica
   964 | D:2      | Killed Jessica
   964 | D:2      | Reached XP level 4. HP: 7/44 MP: 3/3
  1377 | D:2      | Reached skill level 4 in Unarmed Combat
  1489 | D:3      | Noticed Terence
  1637 | D:3      | Reached XP level 5. HP: 43/50 MP: 4/4
  1998 | D:3      | Reached skill level 5 in Unarmed Combat
  2095 | D:3      | Reached XP level 6. HP: 43/59 MP: 5/5
  2179 | D:3      | Killed Terence
  2179 | D:3      | Reached skill level 6 in Unarmed Combat
  2591 | D:4      | Found a sand-covered staircase.
  2605 | Ossuary  | Entered an ossuary
  2697 | Ossuary  | Reached skill level 7 in Unarmed Combat
  2788 | Ossuary  | Reached XP level 7. HP: 43/66 MP: 6/6
  3707 | D:5      | Entered Level 5 of the Dungeon
  3871 | D:5      | Reached skill level 8 in Unarmed Combat
  4057 | D:5      | Reached skill level 9 in Unarmed Combat
  4219 | D:5      | Reached XP level 8. HP: 12/74 MP: 7/7
  4365 | D:5      | Found a snail-covered altar of Cheibriados.
  4393 | D:5      | Became a worshipper of Cheibriados the Contemplative
  4517 | D:5      | Found a sparkling altar of Nemelex Xobeh.
  4518 | D:5      | Found an opulent altar of Gozag.
  4660 | D:5      | Found a radiant altar of Vehumet.
  4689 | D:5      | Gained mutation: You are weak. (Str -2) [potion of mutation]
  4689 | D:5      | Gained mutation: You possess an exceptional clarity of mind. [potion of mutation]
  4689 | D:5      | Gained mutation: Potions and wands are less effective at restoring your health. [potion of mutation]
  4692 | D:5      | Gained mutation: You have a pair of small horns on your head. [potion of beneficial mutation]
  5080 | D:6      | Reached skill level 10 in Unarmed Combat
  5086 | D:6      | Acquired Cheibriados's first power
  5175 | D:6      | Found a staircase to the Ecumenical Temple.
  5195 | Temple   | Entered the Ecumenical Temple
  5943 | D:7      | Reached XP level 9. HP: 69/80 MP: 8/8
  6112 | D:7      | Reached skill level 5 in Dodging
  6277 | D:7      | Acquired Cheibriados's second power
  6627 | D:8      | Found a stormy altar of Qazlal.
  6769 | D:8      | Acquired Cheibriados's third power
  6837 | D:8      | Reached skill level 1 in Invocations
  7103 | D:8      | Found a shimmering altar of Xom.
  7179 | D:8      | Acquired Cheibriados's fourth power
  7380 | D:8      | Reached XP level 10. HP: 83/88 MP: 12/12
  7498 | D:9      | Found a staircase to the Orcish Mines.
  7506 | D:9      | Found a roughly hewn altar of Beogh.
  7581 | D:9      | Found a staircase to the Lair.
  7581 | D:9      | Noticed an elephant
  7590 | D:9      | Reached skill level 11 in Unarmed Combat
  7606 | D:9      | Killed an elephant
  7903 | D:9      | Found a bloodstained altar of Trog.
  7923 | D:9      | Reached skill level 5 in Invocations
  8725 | D:10     | Entered Level 10 of the Dungeon
  8948 | D:10     | Found Deireos's Antique Weapon Shoppe.
  9265 | D:10     | Found a runed door.
  9275 | D:10     | Noticed a deep elf conjurer
  9278 | D:10     | Killed a deep elf conjurer
  9334 | D:10     | Reached XP level 11. HP: 101/101 MP: 14/14
  9337 | D:10     | Noticed a swamp dragon
  9337 | D:10     | Noticed a yaktaur captain
  9578 | Lair:1   | Entered Level 1 of the Lair of Beasts
 10284 | Lair:1   | You fall through a shaft!
 10888 | Lair:2   | Noticed a six-headed hydra
 10898 | Lair:2   | Killed a six-headed hydra
 12037 | Lair:3   | Found a snail-covered altar of Cheibriados.
 12318 | Lair:3   | Reached skill level 5 in Shields
 12375 | Lair:3   | Reached XP level 12. HP: 96/110 MP: 17/17
 12970 | Lair:3   | Found a hole to the Spider Nest.
 13517 | Lair:4   | Noticed Urug
 13542 | Lair:4   | Killed Urug
 13692 | Lair:4   | Noticed a five-headed hydra
 13700 | Lair:4   | Killed a five-headed hydra
 14116 | Lair:4   | Found a staircase to the Shoals.
 14563 | Lair:5   | Noticed Rupert
 14568 | Lair:5   | Paralysed by Rupert for 5 turns
 14583 | Lair:5   | Killed Rupert
 15030 | Lair:5   | Noticed a six-headed hydra
 15036 | Lair:5   | Killed a six-headed hydra
 15036 | Lair:5   | Reached skill level 5 in Throwing
 15450 | Lair:5   | Reached XP level 13. HP: 75/117 MP: 15/18
 15543 | Lair:5   | Reached skill level 5 in Fighting
 16013 | Lair:6   | Reached skill level 12 in Unarmed Combat
 16176 | Lair:6   | Noticed Snorg
 16213 | Lair:6   | Killed Snorg
 16213 | Lair:6   | Reached skill level 10 in Dodging
 17088 | Lair:7   | Found a labyrinth entrance.
 17097 | Lab      | Entered a labyrinth
 17245 | Lab      | Got a warped bronze ring
 17248 | Lab      | Identified the ring of Onuzy {Fire rElec rN+ MP-9 Int-5} (You found it in a labyrinth)
 17250 | Lab      | Identified a +4 rod of inaccuracy (9/9) (You found it in a labyrinth)
 17596 | Lair:7   | Got a dazzling hat
 17602 | Lair:7   | Identified the +1 hat of Gehenna {+Blink rF+ Dex-4} (You found it on level 7 of the Lair of Beasts)
 17936 | Lair:7   | Found a viscous altar of Jiyva.
 17937 | Lair:7   | Found a staircase to the Slime Pits.
 18043 | Lair:8   | Entered Level 8 of the Lair of Beasts
 18068 | Lair:8   | Reached skill level 13 in Unarmed Combat
 18119 | Lair:8   | Reached XP level 14. HP: 119/133 MP: 19/19
 19204 | Lair:8   | Identified a scroll of acquirement
 19515 | Lair:8   | Found a staircase to the Slime Pits.
 19974 | Lair:8   | Reached skill level 14 in Unarmed Combat
 20325 | Spider:1 | Entered Level 1 of the Spider Nest
 20328 | Spider:1 | Noticed an emperor scorpion
 20522 | Orc:1    | Entered Level 1 of the Orcish Mines
 20660 | Orc:1    | Found Xismac's Food Shoppe.
 20751 | Orc:1    | Found a dark tunnel.
 20757 | Volcano  | Entered a volcano
 20817 | Volcano  | Noticed Erolcha
 20825 | Volcano  | Killed Erolcha
 21010 | Orc:2    | Found Faojuh's Weapon Shop.
 21016 | Orc:2    | Found Lulaelo's Antique Weapon Emporium.
 22135 | Orc:3    | Found Ohoeh's Magic Scroll Shoppe.
 22143 | Orc:3    | Bought a scroll of blinking for 112 gold pieces
 22143 | Orc:3    | Bought a scroll of blinking for 112 gold pieces
 22143 | Orc:3    | Bought a scroll of identify for 30 gold pieces
 22143 | Orc:3    | Bought a scroll of identify for 30 gold pieces
 22251 | Orc:4    | Entered Level 4 of the Orcish Mines
 22327 | Orc:4    | Found a burning altar of Makhleb.
 22963 | Orc:4    | Killed from afar by a smoke demon

Vault maps used:
D:1:      dpeg_chamrin_arrival_tetris
D:2:      first_bread, serial_glass, glass_columns_a, glass_columns_a,
          item_on_display_a, item_on_display_a, solitary_fountain, uniq_jessica
D:3:      tgw_sif, uniq_terence
D:4:      gup_ossuary_entry_pyramid
D:5:      cheibriados_altar_wand_db, lemuel_coloured_pillars_altar,
          grunt_temple_overflow_opulence
D:6:      minmay_temple_entry_junction
D:8:      old_standard_altar, kennysheep_little_box
D:9:      david_lair_generic, minmay_orc_entry_temple_small, basic_altar,
          grunt_pizzeria, solitary_fountain, grunt_decor_clamped,
          kennysheep_pointless_box
D:10:     serial_shops, shop, minivault_13
Temple:   circular_temple_12
Lair:1:   kennysheep_abandoned_house
Lair:2:   lemuel_fruit_fields, grunt_megastairs_5
Lair:3:   spider_nest_entry_funnel_web, kennysheep_snail_temple
Lair:4:   minmay_shoals_entry_lonely_mermaid, infiniplex_staircase_pool_2,
          uniq_urug
Lair:5:   minmay_lair_oklob_items, serial_bayou_shore_b, uniq_rupert
Lair:6:   lookout_lair_type, grunt_megastairs_2, uniq_snorg, uniq_kirke
Lair:7:   dpeg_slime_entry_enclosed_altar, lab_entry_generic
Lair:8:   hangedman_lair_tendril_chambers, hangedman_lair_caniforms_friends,
          slime_dummy
Orc:1:    enter_volcano_4, serial_shops, shop
Orc:2:    serial_shops, shop, nicolae_shop_stone
Orc:3:    serial_shops, shop, nicolae_orc_pool_cavern,
          nicolae_orc_flooded_monolith
Orc:4:    st_orc_mages, lemuel_statue_altar
Lab:      labyrinth_spiral, labyrinth_lava_lair, nicolae_lab_garden,
          labyrinth_skeletal_remains, labyrinth_fake_exit, nicolae_lab_hexagon,
          nicolae_lab_diamond, nicolae_lab_very_dead_end
Ossuary:  ossuary_crypta
Volcano:  volcano_pools

Action                   |  1- 3 |  4- 6 |  7- 9 | 10-12 | 13-15 || total
-------------------------+-------+-------+-------+-------+-------++-------
Melee: Unarmed           |   112 |   166 |   432 |   630 |  1036 ||  2376
Throw: Stone             |       |    10 |     9 |     7 |       ||    26
       Javelin           |       |       |       |    22 |    34 ||    56
       Tomahawk          |       |       |       |     3 |       ||     3
       Large rock        |       |       |       |     4 |    29 ||    33
Invok: Temporal Distorti |       |       |       |     3 |       ||     3
       Bend Time         |       |       |       |     6 |     5 ||    11
       Slouch            |       |       |       |     6 |    10 ||    16
Evoke: Wand              |       |       |    12 |    11 |     9 ||    32
  Use: Scroll            |       |     1 |     9 |    14 |     8 ||    32
       Potion            |       |       |    11 |     2 |     3 ||    16
 Stab: Sleeping          |       |     1 |     4 |    13 |    18 ||    36
       Paralysed         |       |       |     3 |       |       ||     3
       Distracted        |       |       |     3 |     4 |     4 ||    11
  Eat: Chunk             |    14 |    13 |    39 |    63 |    54 ||   183
       Beef jerky        |       |       |     1 |       |     1 ||     2
       Pizza             |       |       |     1 |       |       ||     1
